 Dungeon Crawl Stone Soup version 0.19-a0-45-g2c295ea (webtiles) character file.

68130 ololoev the Severer (level 15, -6/137 HPs)
             Began as a Hill Orc Fighter on May 5, 2016.
             Was a High Priest of the Shining One.
             Mangled by an iron troll (13 damage)
             ... on level 1 of the Depths.
             The game lasted 00:49:58 (21427 turns).

ololoev the Severer (Hill Orc Fighter)             Turns: 21427, Time: 00:49:58

Health: -6/137     AC: 24    Str: 26    XL:     15   Next: 25%
Magic:  18/27      EV:  8    Int:  8    God:    the Shining One [*****.]
Gold:   792        SH: 14    Dex: 10    Spells: 1 memorised, 9 levels left

rFire  + + .     SeeInvis .     a - +1 battleaxe (elec)
rCold  . . .     Gourm    .     H - +1 plate armour {rF+}
rNeg   + + .     Faith    +     (shield currently unavailable)
rPois  +         Spirit   .     B - +0 helmet
rElec  .         Dismiss  .     d - +2 cloak
rCorr  .         Reflect  .     G - +0 pair of gloves
SustAt .         Harm     .     (no boots)
MR     +....                    l - amulet of faith
Stlth  ..........               x - ring of poison resistance
                                m - ring of protection from fire

@: divine shield, glowing, somewhat resistant to hostile enchantments, extremely
unstealthy
A: molten scales 1
a: Divine Shield, Cleansing Flame, Summon Divine Warrior, Renounce Religion


Innate Abilities, Weirdness & Mutations

You are partially covered in molten scales (AC +1).

Inventory:

Hand Weapons
 a - a +1 battleaxe of electrocution (weapon)
Armour
 d - a +2 cloak (worn)
 B - a +0 helmet (worn)
 G - a +0 pair of gloves (worn)
 H - a +1 plate armour of fire resistance (worn)
Jewellery
 l - an amulet of faith (around neck)
 m - a ring of protection from fire (left hand)
 x - a ring of poison resistance (right hand)
Wands
 C - a wand of digging (5/24)
Scrolls
 e - a scroll of enchant weapon
 h - 6 scrolls of recharging
 i - 6 scrolls of identify
 j - 3 scrolls of blinking
 p - a scroll of fear
 q - 2 scrolls of fog
 r - 7 scrolls of teleportation
 u - 8 scrolls of remove curse
 v - 4 scrolls of immolation
 y - 3 scrolls of magic mapping
 A - 6 scrolls of enchant armour
Potions
 c - a potion of resistance
 g - 2 potions of heal wounds
 n - a potion of magic
 s - 4 potions of curing
 w - 2 potions of flight
 z - 2 potions of cancellation
Books
 F - a book of Frost

   Spells                             Type                      Level
   a - Freeze                         Ice                          1
   b - Throw Frost                    Conjuration/Ice              2
   c - Ozocubu's Armour               Charms/Ice                   3
   d - Throw Icicle                   Conjuration/Ice              4
   e - Summon Ice Beast               Ice/Summoning                4
Comestibles
 b - 2 fruits
 f - 9 bread rations
 o - 4 meat rations
 D - 8 royal jellies


   Skills:
 + Level 13.7 Fighting
 * Level 19.3 Axes
 + Level 12.5 Armour
   Level 3.2 Shields
 * Level 17.4 Invocations


You had 9 spell levels left.
You knew the following spells:

 Your Spells              Type           Power        Failure   Level  Hunger
a - Aura of Abjuration    Summ           #.........   100%        5    ######.


You were on level 1 of the Depths.
You worshipped the Shining One.
The Shining One was extremely pleased with you.
You were hungry.

You visited 3 branches of the dungeon, and saw 17 of its levels.
You also visited: Ossuary.

You collected 1259 gold pieces.
You spent 467 gold pieces at shops.

≈≈≈.≈≈≈≈≈....)..........^........
≈≈≈.≈≈≈≈≈........................
.................................
........#.....................^..
######.##.....)......[......(....
#..##............^......(...
###.#.......................
#...........∩†..........((
####.......@................
#.##.......TT...............
#..........A................
##.........TT............#..
####.##.........#.............
#.#...#.....#................#
#...........#.................
#...........#.................
#...........##................

Notes
Turn   | Place    | Note
--------------------------------------------------------------
     0 | D:1      | ololoev the Hill Orc Fighter began the quest for the Orb.
     0 | D:1      | Reached XP level 1. HP: 19/19 MP: 1/1
    43 | D:1      | Reached skill level 3 in Axes
   462 | D:1      | Reached XP level 2. HP: 27/27 MP: 2/2
   921 | D:1      | Reached skill level 4 in Axes
  1065 | D:1      | Reached XP level 3. HP: 33/33 MP: 3/3
  1301 | D:2      | Noticed an ice beast
  1301 | D:2      | a worm changed into an ice beast
  1473 | D:1      | ololoev: червь обезумел!
  1488 | D:2      | Found a shimmering altar of Xom.
  1500 | D:2      | Reached XP level 4. HP: 40/40 MP: 4/4
  1559 | D:2      | Found a shadowy altar of Dithmenos.
  1703 | D:2      | Reached skill level 5 in Axes
  2248 | D:3      | Found a glowing golden altar of the Shining One.
  2255 | D:3      | Rekenzichi: Кстати, не думал, что онлайн версия допускает манипуляцию с тайлами
  2257 | D:3      | ololoev: я сейчас допытываюсь как дергать свой код на каждом действии, хочу сделать чтобы тайл прогрессировал при смене уровня
  2294 | D:4      | ololoev: ТСО я иду к тебе!
  2305 | D:4      | Reached XP level 5. HP: 44/47 MP: 5/5
  2593 | D:3      | Became a worshipper of the Shining One
  2594 | D:3      | Rekenzichi: Так это ж отдельную программу писать придется, не?
  2594 | D:3      | ololoev: да там несколкьо строчек кода в .рс файле
  2893 | D:3      | Rekenzichi: Хм, а не рановато к ТСО вкатываться, какие профиты?
  2897 | D:3      | ololoev: а профиты в том что я пытаюсь сделать духз
  2897 | D:3      | ololoev: данж - депс - хелл - зот
  2897 | D:3      | Rekenzichi: ааа
  2897 | D:3      | ololoev: экспы мало, надо сразу брать ТСО и нырять в ады
  3104 | D:3      | Rekenzichi: челенжи подъехали, я понял
  3121 | D:3      | Reached skill level 5 in Fighting
  3121 | D:3      | Reached skill level 6 in Axes
  3121 | D:3      | Reached skill level 1 in Invocations
  3121 | D:3      | Reached XP level 6. HP: 42/56 MP: 5/7
  3344 | D:3      | Found a sacrificial altar of Ru.
  3413 | D:3      | Found a faded altar to an unknown god.
  3588 | D:3      | Noticed Crazy Yiuf
  3593 | D:3      | Killed Crazy Yiuf
  4010 | D:4      | Found a staircase to the Ecumenical Temple.
  4183 | D:4      | Reached skill level 7 in Axes
  4398 | D:4      | Reached XP level 7. HP: 51/61 MP: 8/8
  4411 | D:4      | Found a shattered altar of Ashenzari.
  4582 | D:4      | Found a deep blue altar of Sif Muna.
  4666 | D:5      | Entered Level 5 of the Dungeon
  4898 | D:5      | Found a radiant altar of Vehumet.
  4924 | D:5      | Found Iwoepy Tooj's Magic Scroll Shoppe.
  4931 | D:5      | Bought a scroll of noise for 13 gold pieces
  4931 | D:5      | Bought a scroll of identify for 26 gold pieces
  4931 | D:5      | Bought a scroll of identify for 26 gold pieces
  4931 | D:5      | Bought a scroll of identify for 26 gold pieces
  5165 | D:5      | Reached skill level 8 in Axes
  5170 | D:5      | Found a blossoming altar of Fedhas.
  5262 | D:5      | Found a deep blue altar of Sif Muna.
  5275 | D:5      | Reached skill level 5 in Armour
  5304 | D:5      | Reached * piety under the Shining One
  5467 | D:6      | Found a burning altar of Makhleb.
  5469 | D:6      | Found an opulent altar of Gozag.
  5493 | D:6      | Found an iron altar of Okawaru.
  5500 | D:6      | Reached XP level 8. HP: 55/70 MP: 11/11
  5833 | D:6      | Reached skill level 9 in Axes
  5856 | D:6      | Found Agidus's Food Boutique.
  6244 | D:7      | ololoev: шикарно!
  6248 | D:7      | Reached skill level 5 in Invocations
  6249 | D:7      | Reached ** piety under the Shining One
  6309 | D:7      | Found a sand-covered staircase.
  6313 | Ossuary  | Entered an ossuary
  6341 | Ossuary  | Reached *** piety under the Shining One
  6346 | Ossuary  | Rekenzichi: А отображение брони на тайле есть же возможность настроить?
  6356 | Ossuary  | ololoev: не знаю, не пробовал
  6476 | D:5      | Bought a scroll of identify for 26 gold pieces
  6476 | D:5      | Bought a scroll of identify for 26 gold pieces
  6476 | D:5      | Bought a scroll of remove curse for 39 gold pieces
  6476 | D:5      | Bought a scroll of enchant armour for 97 gold pieces
  6476 | D:5      | Bought a scroll of fog for 26 gold pieces
  6476 | D:5      | Bought a scroll of immolation for 45 gold pieces
  6476 | D:5      | Bought a scroll of remove curse for 39 gold pieces
  6476 | D:5      | Bought a scroll of teleportation for 39 gold pieces
  6476 | D:5      | Rekenzichi: Ну с пирамидой вообще фортануло, легкий ран намечается
  6476 | D:5      | Bought a scroll of teleportation for 39 gold pieces
  6476 | D:5      | ololoev: лол, лучше бы мне с резистами фортануло
  6476 | D:5      | ololoev: единственный нормальный ран был когда мне в данже ГДА выпала
  6476 | D:5      | ololoev: это с файтером
  6476 | D:5      | Rekenzichi: Ну это идеальные условия
  6511 | D:7      | Gained mutation: You are partially covered in molten scales (AC +1). [potion of beneficial mutation]
  6592 | D:7      | Found a sparkling altar of Nemelex Xobeh.
  6635 | D:7      | Reached XP level 9. HP: 75/79 MP: 13/13
  6667 | D:7      | Reached skill level 10 in Axes
  6956 | D:7      | Learned a level 5 spell: Aura of Abjuration
  7057 | D:7      | Reached **** piety under the Shining One
  7124 | D:7      | Found Cexaf's Weapon Shop.
  7594 | D:8      | Reached skill level 11 in Axes
  7667 | D:8      | Found Inumao Vixke's Magic Scroll Emporium.
  7966 | D:8      | Noticed Erica
  7976 | D:8      | Killed Erica
  7976 | D:8      | Reached skill level 12 in Axes
  7976 | D:8      | Reached XP level 10. HP: 60/89 MP: 16/16
  8783 | D:9      | Noticed an obsidian statue
  8926 | D:9      | Noticed a smoke demon
  8926 | D:9      | Noticed a rust devil
  8927 | D:9      | Noticed a sixfirhy
  8932 | D:9      | Noticed a rust devil
  8945 | D:9      | Noticed a rust devil
  8954 | D:9      | Killed an obsidian statue
  9283 | D:9      | Rekenzichi: А убийство присумоненных демонов пити дает?
  9286 | D:9      | ololoev: нет
  9651 | D:9      | Found an oddly glowing altar of Pakellas.
  9651 | D:9      | Found Pakellas's Prime Provisions.
  9958 | D:9      | Reached skill level 13 in Axes
 10086 | D:10     | Entered Level 10 of the Dungeon
 10102 | D:10     | Noticed Harold
 10132 | D:10     | Killed Harold
 10254 | D:10     | Reached XP level 11. HP: 66/97 MP: 18/18
 10458 | D:10     | Found a staircase to the Lair.
 10498 | D:10     | Reached skill level 10 in Invocations
 11367 | D:10     | Reached skill level 14 in Axes
 11383 | D:10     | Noticed a brown ugly thing
 11392 | D:10     | HP: 3/99 [acid (9)]
 11398 | D:10     | Rekenzichi: ой вей
 11407 | D:10     | Killed a brown ugly thing
 11845 | D:10     | Reached ***** piety under the Shining One
 11926 | D:11     | Noticed Grum
 12291 | D:11     | Killed Grum
 12367 | D:11     | Found Zawkuc's General Store.
 12448 | D:11     | Reached skill level 10 in Fighting
 12481 | D:11     | Noticed a hill giant
 12494 | D:11     | Found an oddly glowing altar of Pakellas.
 13010 | D:11     | Noticed a cyclops
 13022 | D:11     | Killed a cyclops
 13227 | D:11     | Reached XP level 12. HP: 100/107 MP: 20/20
 13366 | D:11     | Reached skill level 15 in Axes
 14051 | D:12     | Got a pitted ring mail
 14062 | D:12     | Identified the +4 ring mail of Boiling Hail {rPois Int+5 SInv} (You found it on level 12 of the Dungeon)
 14331 | D:12     | Found a staircase to the Orcish Mines.
 14332 | D:12     | Noticed a six-headed hydra
 14351 | D:12     | Killed a one-headed hydra
 14375 | D:12     | Reached skill level 10 in Armour
 14385 | D:12     | Found Bozel's Armour Shop.
 15150 | D:13     | Rekenzichi: Какая нелепая смерть была бы
 15199 | D:13     | Noticed a tengu warrior
 15207 | D:13     | Killed a tengu warrior
 15207 | D:13     | Reached skill level 16 in Axes
 15649 | D:13     | Found a white marble altar of Elyvilon.
 15870 | D:13     | Noticed a centaur warrior
 15882 | D:13     | Killed a centaur warrior
 16234 | D:14     | Noticed Roxanne
 16449 | D:13     | Goblin1989: yo
 16450 | D:13     | Reached XP level 13. HP: 73/116 MP: 23/23
 16451 | D:13     | ololoev: yo gobbo
 16600 | D:14     | Goblin1989: духэ?
 16616 | D:14     | ololoev: yep
 16786 | D:14     | ololoev: я уже вплотную подобрался к решению проблемы по смене тайла
 16786 | D:14     | ololoev: уже нашел чела, который писал подобный код
 16786 | D:14     | ololoev: правда я хз что там вызывается каждый ход, сейчас ему написал, попытаюсь узнать
 16896 | D:14     | Noticed Rupert
 16926 | D:14     | Paralysed by Rupert for 4 turns
 16931 | D:14     | Killed Rupert
 16999 | D:14     | Goblin1989: круто же! :D
 17572 | D:14     | Reached skill level 17 in Axes
 17759 | D:14     | Noticed Sonja
 17763 | D:14     | Killed Sonja
 18003 | D:14     | Found a gate to the Vaults.
 18217 | D:15     | Entered Level 15 of the Dungeon
 18293 | D:15     | Reached skill level 15 in Invocations
 18362 | D:15     | Noticed a fire giant
 18375 | D:15     | Killed a fire giant
 18530 | D:15     | Found a staircase to the Depths.
 18642 | D:15     | Goblin1989: а я все понять не могу какому чудику покачалось что игра за демонспавнов считается сдедним уровнем сложности. им же опыта ппц как не хвататет! :(
 18657 | D:15     | Goblin1989: *показалось
 18657 | D:15     | ololoev: а мумиям хватает типа?
 18694 | D:15     | Reached XP level 14. HP: 123/127 MP: 25/25
 18818 | D:15     | Goblin1989: мумии это вообще для безбашенных :)
 19078 | D:15     | ololoev: че-то как-то данж уже кончился
 19111 | Depths:1 | Entered Level 1 of the Depths
 19154 | Depths:1 | Rekenzichi: а что, демоспавны - это хардовый уровень типа?
 19158 | Depths:1 | ololoev: нет
 19158 | Depths:1 | ololoev: даже зачастую наоборот
 19158 | Depths:1 | Goblin1989: у них как с мутациями повезет
 19158 | Depths:1 | ololoev: им в эрли туговато из-за того что апты слабые, а муток еще не завезли
 19186 | Depths:1 | Rekenzichi: да и статы не айс вообще
 19365 | Depths:1 | Reached skill level 18 in Axes
 19377 | Depths:1 | Rekenzichi: по сравнение с нормальными файтерскими расами, так вообще посос
 19411 | Depths:1 | Goblin1989: я вот если все-таки пройду монком буду DsFE пробовать в 0,18
 19411 | Depths:1 | Goblin1989: для мегазиг забега
 19411 | Depths:1 | ololoev: ну ка сказать
 19411 | Depths:1 | ololoev: хилл орк - файтерский?
 19411 | Depths:1 | Rekenzichi: безусловно
 19411 | Depths:1 | Rekenzichi: такие-то апты
 19411 | Depths:1 | ololoev: у него на 2 силы больше и на 2 дексы меньше, чем у Дс
 19411 | Depths:1 | ololoev: апты да, а статы такие же
 19411 | Depths:1 | ololoev: у дс просто вообще нет апт, но и пофиг
 19411 | Depths:1 | ololoev: влияет только в эрли разве что
 19550 | Depths:1 | Rekenzichi: хм, а чего ж дс на д3 в любом случае от аддера отъезжает, чисто от аптов?
 19552 | Depths:1 | Rekenzichi: из-за*
 19552 | Depths:1 | ololoev: да, потому что меньше вкачан
 19552 | Depths:1 | Rekenzichi: эх
 19552 | Depths:1 | Rekenzichi: жизнь-боль
 19552 | Depths:1 | ololoev: чем дальше тем меньше это заметно
 19593 | Depths:1 | oplop: йо
 19593 | Depths:1 | oplop: дай дамп
 19593 | Depths:1 | oplop: плес
 19905 | Depths:1 | Noticed a frost giant
 19909 | Depths:1 | Killed a frost giant
 20376 | Depths:1 | Found a shimmering altar of Xom.
 20523 | Depths:1 | Noticed a stone giant
 20543 | Depths:1 | Killed a stone giant
 20807 | Depths:1 | Found a gateway to Hell.
 20818 | Depths:1 | Noticed a stone giant
 20829 | Depths:1 | Killed a stone giant
 21195 | Hell     | Entered the Vestibule of Hell
 21195 | Hell     | Noticed Geryon
 21198 | Depths:1 | ololoev: хаха демоны, ну что, кто на меня?
 21214 | Hell     | Noticed a cacodemon
 21215 | Hell     | Killed Geryon
 21215 | Hell     | Reached skill level 19 in Axes
 21216 | Hell     | Reached XP level 15. HP: 106/136 MP: 13/27
 21217 | Hell     | ololoev: suda podoshel!
 21256 | Depths:1 | ololoev: ладно, хватит с них
 21256 | Depths:1 | ololoev: им и так досталось сегодня
 21265 | Depths:1 | Rekenzichi: crab.jpg
 21268 | Depths:1 | ololoev: https://i.ytimg.com/vi/a9Yjs_JF1bI/hqdefault.jpg
 21330 | Hell     | Noticed a hellephant
 21334 | Depths:1 | Killed a cacodemon
 21427 | Depths:1 | Mangled by an iron troll

Dungeon Overview and Level Annotations

Branches:
Dungeon (15/15)            Temple (0/1) D:4            Lair (0/8) D:10
    Orc (0/2) D:12         Vaults (0/5) D:14         Depths (1/5) D:15
   Hell (1/1)
    Dis: Hell:1         Geh: Hell:1         Coc: Hell:1         Tar: Hell:1

Altars:
Ashenzari
Dithmenos
Elyvilon
Fedhas
Gozag
Makhleb
Nemelex Xobeh
Okawaru
Pakellas
Ru
Sif Muna
Vehumet
Xom
The Shining One

Shops:
D:5 ?   D:6 %   D:7 (   D:8 ?   D:9 }   D:11 *   D:12 [

Portals:
Hell: Depths:1

Annotations:
D:14 exclusion: Roxanne, Roxanne


Message History

The deep troll earth mage is smitten.
The deep troll earth mage barely misses you.
The deep troll earth mage closely misses you.
The deep troll earth mage claws you but does no damage.
Unknown command.
You hit the iron troll but do no damage.
There is a sudden explosion of sparks!
The iron troll is moderately wounded.
You hit the deep troll shaman.
The deep troll shaman is almost dead.
You slash the deep troll earth mage!
There is a sudden explosion of sparks!
You kill the deep troll earth mage!
You block the iron troll's attack. x3
The deep troll shaman utters an invocation to its god.
The deep troll shaman is healed somewhat.
Your daeva hits the deep troll shaman with a long sword of holy wrath.
Your daeva barely misses the deep troll shaman.
Unknown command.
Unknown command.
The deep troll shaman calls upon its god to speed up the deep troll shaman.
The deep troll shaman seems to speed up.
The deep troll shaman prays to its god.
The deep troll shaman is healed somewhat.
Unknown command.
Unknown command.
You hit the iron troll but do no damage.
There is a sudden explosion of sparks!
The iron troll is heavily wounded.
Your daeva hits the iron troll but does no damage. x2
You block the iron troll's attack. The iron troll claws you!
You block the iron troll's attack.
Your daeva blocks the deep troll shaman's attack.
The deep troll shaman claws your daeva!
The deep troll shaman barely misses your daeva.
Unknown command.
Drink which item? (? for menu, Esc to quit)
You feel much better. The iron troll bites your daeva!!
Your daeva blocks the iron troll's attack. x2
The deep troll shaman calls upon its god to speed up the deep troll shaman.
The deep troll shaman seems to speed up.
The iron troll barely misses you. The iron troll claws you!!
The iron troll barely misses you.
Your daeva hits the iron troll but does no damage.
Your daeva hits the iron troll with a long sword of holy wrath.
The iron troll bites your daeva!
Your daeva blocks the iron troll's attack. x2
Unknown command.
Evoke which item? (* to show all) (? for menu, Esc to quit)
Okay, then.
Your daeva blocks the deep troll shaman's attack.
The deep troll shaman claws your daeva!
Your daeva blocks the deep troll shaman's attack.
The deep troll shaman bites your daeva but does no damage.
The deep troll shaman claws your daeva! x2
Your daeva closely misses the deep troll shaman.
Your daeva hits the deep troll shaman with a long sword of holy wrath.
Your daeva blocks the iron troll's attack. x2
The iron troll claws your daeva!
Unknown command.
You slice the iron troll!!
The iron troll is severely wounded.
You block the iron troll's attack. x2
The iron troll claws you but does no damage.
The deep troll shaman calls upon its god to strengthen the iron troll.
The iron troll seems to grow stronger.
Unknown command.
Unknown command.
You slice the iron troll!!
The iron troll is almost dead.
You slash the deep troll shaman!
The deep troll shaman is lightly wounded.
The deep troll shaman calls upon its god to strengthen the deep troll shaman.
The deep troll shaman seems to grow stronger.
The iron troll barely misses your daeva.
Your daeva blocks the iron troll's attack.
The iron troll claws your daeva but does no damage.
Your daeva blocks the deep troll shaman's attack.
The deep troll shaman claws your daeva. The deep troll shaman claws your daeva!
The iron troll bites you! The iron troll claws you! x2
You die...

You could see 2 iron trolls, 2 deep troll shamans and a friendly daeva.

Vanquished Creatures
  Geryon (Hell)
  Rupert (D:14)
  A fire giant (D:15)
  A frost giant (Depths:1)
  A cacodemon (Depths:1)
  A reaper (Hell)
  2 stone giants (Depths:1)
  2 ettins
  A yaktaur captain (Depths:1)
  Harold (D:10)
  A hydra (D:12)
  Erica (D:8)
  A death knight (D:15)
  3 centaur warriors
  A hell hog (Depths:1)
  2 deep troll earth magi (Depths:1)
  5 tengu warriors
  An ogre mage (Depths:1)
  2 deep troll shamans (Depths:1)
  A titan zombie (Hell)
  4 hell knights (Hell)
  2 soul eaters (Hell)
  5 deep trolls (Depths:1)
  An obsidian statue (D:9)
  4 hill giants
  2 necromancers (Hell)
  A phantasmal warrior (D:15)
  A deep elf mage (D:14)
  7 ugly things
  A griffon (D:15)
  2 cyclopes
  4 gargoyles
  4 kobold demonologists (D:15)
  A hellion (Hell)
  3 ice devils
  10 yaktaurs
  A freezing wraith (D:15)
  A demonic crawler (Hell)
  A hydra zombie (Hell)
  A tengu conjurer (D:14)
  2 red devils (Hell)
  A troll (D:12)
  4 two-headed ogres
  A tarantella (Depths:1)
  A tarantella (shapeshifter) (D:13)
  3 wyverns
  2 wraiths
  5 redbacks
  2 shadows (D:15)
  25 yaks
  Grum (D:11)
  A water elemental (Depths:1)
  3 vampire mosquitoes (D:12)
  A steam dragon (D:11)
  5 hungry ghosts
  5 hippogriffs
  A soldier ant (D:14)
  A water moccasin (D:7)
  2 mottled dragons
  A black bear (D:11)
  9 orc warriors
  6 ice beasts
  5 sky beasts
  2 necrophages (D:8)
  4 phantoms
  3 wolves (D:10)
  4 boggarts (D:14)
  9 ogres
  9 centaurs
  4 big kobolds
  11 giant frogs
  A wyvern zombie (D:10)
  5 scorpions
  22 wights
  2 howler monkeys
  11 crimson imps
  4 centaur zombies
  4 giant frog zombies
  2 quasits
  21 orc wizards
  4 centaur skeletons
  3 hounds
  An iron imp (Hell)
  5 jellies
  3 orc priests
  A giant frog skeleton (D:11)
  Crazy Yiuf (D:3)
  2 iguanas
  12 worker ants
  A killer bee zombie (D:7)
  2 big kobold zombies (Ossuary)
  A hound zombie (D:11)
  2 mummies (Ossuary)
  A worker ant zombie (D:11)
  4 gnolls (D:4)
  12 adders
  3 shadow imps
  6 oozes
  An adder skeleton (D:6)
  4 worms
  A dart slug (D:1)
  9 giant geckos
  70 orcs
  11 bats
  3 giant cockroaches
  5 goblins
  10 hobgoblins
  7 jackals
  14 kobolds
  3 quokkas
  2 giant gecko skeletons
  2 giant newts
  3 gnoll zombies (Ossuary)
  8 orc zombies (Ossuary)
  8 rats
  A plant (D:14)
517 creatures vanquished.

Vanquished Creatures (collateral kills)
  A deep troll shaman (Depths:1)
  An ogre mage (D:14)
  Sonja (D:14)
  An orc knight (D:14)
  A troll (D:14)
  2 two-headed ogres (D:14)
  5 redbacks (D:13)
  An orc warrior (D:14)
  An ogre (D:14)
14 creatures vanquished.

Vanquished Creatures (others)
  A goblin (D:6)
  34 plants
35 creatures vanquished.

Grand Total: 566 creatures vanquished

Action                   |  1- 3 |  4- 6 |  7- 9 | 10-12 | 13-15 || total
-------------------------+-------+-------+-------+-------+-------++-------
Melee: War axe           |    89 |   223 |   361 |   470 |       ||  1143
       Battleaxe         |       |       |       |   221 |   289 ||   510
       Scimitar          |       |       |       |     8 |       ||     8
Invok: Divine Shield     |       |       |     1 |    17 |    13 ||    31
       Cleansing Flame   |       |       |       |     6 |    11 ||    17
       Summon Divine War |       |       |       |     1 |     3 ||     4
Evoke: Wand              |     4 |     3 |       |     2 |       ||     9
  Use: Potion            |       |     2 |     2 |     6 |     4 ||    14
       Scroll            |       |       |    15 |     6 |     2 ||    23
  Eat: Chunk             |     2 |     9 |     8 |    26 |    14 ||    59
       Fruit             |       |       |     5 |     3 |       ||     8
       Beef jerky        |       |       |       |     3 |       ||     3
       Pizza             |       |       |       |     1 |       ||     1
       Royal jelly       |       |       |       |       |     3 ||     3
Armor: Scale mail        |    48 |   128 |   162 |   164 |       ||   502
       Ring mail         |       |       |       |    83 |    24 ||   107
       Plate armour      |       |       |       |     1 |   184 ||   185
Dodge: Dodged            |    53 |   126 |   155 |   244 |    97 ||   675
Block: Other             |       |       |     2 |   146 |    63 ||   211

Vault maps used:
D:1:      mrwooster_arrival_statue
D:2:      lemuel_doored_altar, first_bread, grunt_dithmenos_smoke_and_mirrors
D:3:      nicolae_ru_the_path_less_chosen, nicolae_overflow_hidden_temple,
          ecumenical_altar_1, uniq_crazy_yiuf_cottage
D:4:      evilmike_ruin_ashenzari, minmay_temple_entry_hall,
          lemuel_blue_sif_altar
D:5:      fedhas_altar_4, lemuel_coloured_pillars_altar, old_standard_altar,
          serial_shops, nicolae_shop_statue_plus
D:6:      kennysheep_okawaru_gauntlet, grunt_temple_overflow_open, serial_shops,
          shop, kennysheep_small_circle
D:7:      nemelex_deck, nicolae_ossuary_entry_false_entrances,
          serial_co_window_serial, co_window_of_opportunity_a,
          co_window_corner_a, co_window_paths_a, co_window_corner_a,
          co_window_corner_a, co_window_cross_3, co_window_of_opportunity_c,
          co_window_unsneaky_path_d, co_window_cross_2, serial_shops,
          shop_statue
D:8:      serial_shops, shop_scrolls, uniq_erica
D:9:      minmay_separated_statues, johnstein_pakellas_shop, serial_bayou,
          serial_bayou_ford_a, serial_bayou_pond_c, serial_bayou_lake_a,
          serial_bayou_shore_b
D:10:     kennysheep_spiral_hall, lair_0_dummy, hangedman_little_slice_of_home,
          hangedman_decor_opposing, minmay_misc_feat_ornament, uniq_harold
D:11:     basic_altar, serial_shops, shop, eino_tiny_chamber,
          kennysheep_crisscross, uniq_grum
D:12:     orc_david_3
D:13:     spider_trap, elyvilon_altar_3
D:14:     hangedman_vaults_entry_quadrant_bands, serial_bayou_lagoon_a,
          uniq_sonja, uniq_rupert, uniq_roxanne
D:15:     grunt_enter_depths_giant_problem, dk_noncrumbling_3
Depths:1: hell_entry, serial_sigils_hangedman_stare, minmay_stone_trees_small,
          minmay_holes, spider_trap, minmay_misc_feat_nine_boxes,
          roderic_greek_sauvastika, minivault_14, minivault_22, xom_teletrap_fun
Ossuary:  minmay_ossuary_gauntlet
